 Dungeon Sprint DCSS version 0.30-a0-305-g026cb31310 (webtiles) character file.

Game seed: 8297591152498594850

3628 rocky1 the Covert (level 10, -6/88 HPs)
             Began as an Octopode Transmuter on Oct 23, 2022.
             Was the Champion of Cheibriados.
             Mangled by a phantasmal warrior (18 damage)
             ... in the Dungeon (Sprint VII: "The Pits").
             The game lasted 00:06:16 (2200 turns).

rocky1 the Covert (Octopode Transmuter)             Turns: 2200, Time: 00:06:16

Health: -6/88      AC: 10    Str: 26    XL:     10   Next: 11%
Magic:  18/22      EV: 20    Int: 37    God:    Cheibriados [******]
Gold:   0          SH:  0    Dex: 27    Spells: 15/25 levels left

rFire   x . .      SeeInvis .      - Unarmed
rCold   + + +      Faith    .    (shield currently unavailable)
rNeg    . . .      Spirit   .    (helmet currently unavailable)
rPois   +          Reflect  .    (no amulet)
rElec   .          Harm     .    l - +3 ring of evasion
rCorr   .          Rampage  .    m - +3 ring of intelligence
Will    .....      NoTele   +    (no ring)
Stlth   ++++++....               (no ring)
HPRegen 0.34/turn                (no ring)
MPRegen 0.18/turn                (no ring)
                                 (no ring)
                                 (no ring)

@: ice-form, very slow
A: freezing attack, boosted hp, almost no armour, amphibious, 8 rings, large,
(camouflage 1), (gelatinous body 1), (nimble swimmer 1), (tentacles)
a: End Transformation, Renounce Religion, Bend Time, Temporal Distortion,
Slouch, Step From Time


You were in the Dungeon.
You worshipped Cheibriados.
Cheibriados was exalted by your worship.
You were a creature of crystalline ice.
You visited 1 branch

Inventory:

Jewellery
 l - a +3 ring of evasion (left front paw)
 m - a +3 ring of intelligence (right front paw)
Wands
 k - a wand of flame (12)
Scrolls
 g - a scroll of blinking
 i - 5 scrolls of amnesia
 j - a scroll of summoning
Potions
 a - a potion of lignification
 b - 8 potions of curing
 c - 11 potions of heal wounds
 e - 4 potions of magic
 f - 2 potions of berserk rage
 h - a potion of invisibility


   Skills:
 + Level 9.4 Fighting
 + Level 8.3 Dodging
 + Level 12.9 Stealth
 + Level 11.2 Unarmed Combat
 + Level 8.3 Spellcasting
 + Level 9.2 Transmutations
 - Level 6.4 Invocations


You had 15 spell levels left.
You knew the following spells:

 Your Spells              Type           Power      Damage    Failure   Level
a - Beastly Appendage     Tmut           100%       N/A       1%          1
b - Wereblood             Tmut           70%        N/A       1%          2
c - Spider Form           Tmut/Pois      49%        N/A       1%          3
d - Ice Form              Ice/Tmut       49%        N/A       3%          4

Your spell library contained the following spells:

 Spells                   Type           Power      Damage    Failure   Level


Dungeon Overview and Level Annotations

Branches:
Dungeon (1/1)

Altars:
Ashenzari
Cheibriados
Dithmenos
Elyvilon
Fedhas
Gozag
Hepliaklqana
Kikubaaqudgha
Makhleb
Nemelex Xobeh
Okawaru
Qazlal
Ru
Sif Muna
Trog
Uskayaw
Vehumet
Wu Jian
Xom
Yredelemnul
Zin
The Shining One
Jiyva
Lugonu


Innate Abilities, Weirdness & Mutations

You are a creature of crystalline ice.
You have a powerful freezing melee attack.
Your maximum health is increased.
Your armour is entirely melded.
You are incapable of wielding weapons or throwing items.
You cannot wear most types of armour.
You are amphibious.
You can wear up to eight rings at the same time.
((Your skin changes colour to match your surroundings (Stealth+).))
((Your rubbery body absorbs attacks. (AC +1, EV +1)))
((You are camouflaged when in or above water. (Stealth+)))
((You have tentacles for arms and can constrict up to eight enemies at once.))


Message History

You tentacle-slap the adder skeleton. You grab the adder skeleton.
The adder skeleton is moderately damaged.
You constrict the adder skeleton. The adder skeleton barely misses you.
You tentacle-slap the adder skeleton.
You destroy the adder skeleton!
Cheibriados thoroughly appreciates the change of pace.
You see here a hell rat corpse.
You see here a +0 trident.
You see here 2 large rocks.
There is a large open door, spattered with blood here.
Things that are here:
a +0 giant club; a +0 giant spiked club You start resting.
You feel yourself speed up.
You start resting.
A phantasmal warrior comes into view.
Okay, then.
You close the large door, pushing everything out of the way.
You see here a +0 giant club.
You recover from your berserk rage.
You start resting.
A phantasmal warrior opens the door.
Casting: Spider Form (safe; 1% risk of failure)
Confirm with . or Enter, or press ? or * to list all spells.
You turn into a creature of crystalline ice.
Unknown command.
You hit the phantasmal warrior.
The phantasmal warrior is lightly damaged.
You barely miss the phantasmal warrior.
The phantasmal warrior is lightly damaged.
The phantasmal warrior barely misses you.
You hit the phantasmal warrior but do no damage.
The phantasmal warrior is lightly damaged.
The phantasmal warrior hits you!!
You barely miss the phantasmal warrior. The phantasmal warrior hits you!!
* * * LOW HITPOINT WARNING * * *
You pummel the phantasmal warrior!! You freeze the phantasmal warrior.
The phantasmal warrior is severely damaged.
The phantasmal warrior hits you!!
You die...

'#####......#..#......#
.#[[##................#
.#))#####'#####''######
##))##.......##''########
.#))##.......##......+..+
.#..##.......##......+..+
##'###...<...##.....##..##
.†..##.......##...###....###
...)##.......##)Y##........ #
######.......##'W#...#).#...#
.#÷.###########..()†.)).....'
.#.############++#...#).#...#
.#÷#....#..[[# ##........ #
.#)#....#..[[# ###....###
.#.)....'..))# #..##
.#'#....#.!))# ..'.
.')#....#..))# ..'..


You could see a phantasmal warrior.

Vanquished Creatures
  A two-headed ogre (D)
  A lindwurm (D)
  A deep elf pyromancer (D)
  A cyclops (D)
  2 hellwings (D)
  A tarantella (D)
  A shadow (D)
  A ynoxinul (D)
  A fire bat (D)
  A water moccasin (D)
  2 necrophages (D)
  2 gnoll sergeants (D)
  A scorpion (D)
  A gnoll bouda (D)
  A jelly (D)
  Ijyb (D)
  An orc wizard (D)
  A hell rat (D)
  10 gnolls (D)
  2 adders (D)
  2 ufetubi (D)
  An adder skeleton (D)
  An adder zombie (D)
  2 orcs (D)
  A ball python (D)
  2 giant cockroaches (D)
  2 hobgoblins (D)
  A frilled lizard (D)
  2 kobolds (D)
  3 rats (D)
50 creatures vanquished.

Notes
Turn   | Place    | Note
-------+----------+-------------------------------------------
     0 | D        | rocky1 the Octopode Transmuter began the quest for the Orb.
     0 | D        | Reached XP level 1. HP: 13/13 MP: 3/3
    18 | D        | Reached XP level 2. HP: 15/18 MP: 2/5
    21 | D        | Found a bloodstained altar of Trog.
    21 | D        | Found a shimmering blue altar of Sif Muna.
    21 | D        | Found a viscous altar of Jiyva.
    21 | D        | Found a hazy altar of Hepliaklqana.
    21 | D        | Found an opulent altar of Gozag.
    22 | D        | Found a glowing golden altar of the Shining One.
    22 | D        | Found a glowing silver altar of Zin.
    22 | D        | Found a basalt altar of Yredelemnul.
    22 | D        | Found a shimmering altar of Xom.
    22 | D        | Found an ornate altar of the Wu Jian Council.
    22 | D        | Found a sacrificial altar of Ru.
    22 | D        | Found a stormy altar of Qazlal.
    22 | D        | Found an iron altar of Okawaru.
    22 | D        | Found a sparkling altar of Nemelex Xobeh.
    22 | D        | Found a burning altar of Makhleb.
    22 | D        | Found a blossoming altar of Fedhas.
    22 | D        | Found a white marble altar of Elyvilon.
    22 | D        | Found a shadowy altar of Dithmenos.
    22 | D        | Found a snail-covered altar of Cheibriados.
    25 | D        | Found a corrupted altar of Lugonu.
    25 | D        | Found a radiant altar of Vehumet.
    26 | D        | Found an ancient bone altar of Kikubaaqudgha.
    26 | D        | Found a hide-covered altar of Uskayaw.
    26 | D        | Found a broken altar of Ashenzari.
    33 | D        | Became a worshipper of Cheibriados the Contemplative
   176 | D        | Reached skill level 1 in Stealth
   178 | D        | Reached * piety under Cheibriados
   308 | D        | Reached ** piety under Cheibriados
   320 | D        | Reached XP level 3. HP: 5/23 MP: 5/7
   584 | D        | Reached *** piety under Cheibriados
   626 | D        | Noticed Ijyb
   626 | D        | Noticed a necrophage
   636 | D        | Killed a necrophage
   637 | D        | Reached skill level 3 in Stealth
   637 | D        | Reached skill level 5 in Unarmed Combat
   637 | D        | Reached XP level 4. HP: 30/30 MP: 7/9
   658 | D        | Reached **** piety under Cheibriados
   699 | D        | Reached skill level 4 in Stealth
   699 | D        | Reached XP level 5. HP: 25/36 MP: 8/10
   759 | D        | Killed Ijyb
   759 | D        | Reached ***** piety under Cheibriados
   760 | D        | Reached skill level 5 in Stealth
   860 | D        | Noticed a fire bat
   869 | D        | Learned a level 2 spell: Wereblood
   880 | D        | Killed a fire bat
   881 | D        | Reached skill level 6 in Stealth
   881 | D        | Reached skill level 5 in Transmutations
   881 | D        | Reached skill level 5 in Invocations
   881 | D        | Reached XP level 6. HP: 45/45 MP: 10/12
   996 | D        | Learned a level 3 spell: Spider Form
  1001 | D        | Learned a level 4 spell: Ice Form
  1005 | D        | Reached skill level 5 in Fighting
  1006 | D        | Noticed a water moccasin
  1009 | D        | Killed a water moccasin
  1010 | D        | Reached skill level 7 in Stealth
  1010 | D        | Reached skill level 5 in Spellcasting
  1010 | D        | Reached XP level 7. HP: 47/51 MP: 12/14
  1270 | D        | Reached ****** piety under Cheibriados
  1278 | D        | Reached skill level 8 in Stealth
  1482 | D        | Noticed a shadow
  1494 | D        | Killed a shadow
  1495 | D        | Reached skill level 5 in Dodging
  1498 | D        | Reached XP level 8. HP: 38/58 MP: 14/16
  1694 | D        | Noticed a ynoxinul
  1694 | D        | Noticed a hellwing
  1702 | D        | Killed a ynoxinul
  1703 | D        | Reached skill level 9 in Stealth
  1717 | D        | Killed a hellwing
  2109 | D        | Noticed a lindwurm
  2110 | D        | Noticed a two-headed ogre
  2111 | D        | Noticed a cyclops
  2121 | D        | Killed a lindwurm
  2122 | D        | Reached skill level 10 in Stealth
  2122 | D        | Reached skill level 10 in Unarmed Combat
  2122 | D        | Reached XP level 9. HP: 36/66 MP: 12/19
  2130 | D        | Killed a two-headed ogre
  2131 | D        | Reached skill level 11 in Stealth
  2136 | D        | Killed a cyclops
  2137 | D        | Reached skill level 12 in Stealth
  2140 | D        | Noticed a deep elf pyromancer
  2150 | D        | Killed a deep elf pyromancer
  2152 | D        | Noticed a tarantella
  2153 | D        | Noticed a hellwing
  2160 | D        | Killed a tarantella
  2161 | D        | Reached XP level 10. HP: 18/74 MP: 19/22
  2188 | D        | Noticed a phantasmal warrior
  2200 | D        | Mangled by a phantasmal warrior

Illustrated notes

Levels and vault maps discovered:
D:        pitsprint [storerooms_1, entrance_room_1, metal_vault_4, armoury_2,
          mini_pit_1, grid_room_1, main_hall_1, silver_pit, the_coven_1,
          the_vestibule_1, steel_vault_2, golden_pit, hallway_of_sentries,
          crystal_vault_5, iron_vault_3, final_vault]

Skill      XL: |  1  2  3  4  5  6  7  8  9 |
---------------+----------------------------+-----
Unarmed Combat | 4 5 6 7 8 9 10 11 | 11.2
Stealth        | 1 3 4 6 7 8 10 12 | 12.9
Fighting       | 2 3 4 5 6 7 9 |  9.4
Dodging        | 3 4 5 6 8 |  8.3
Spellcasting   | 3 4 5 6 8 |  8.3
Transmutations | 3 4 5 6 7 9 |  9.2
Invocations    | 2 3 5 6 |  6.4

Action                   |  1- 3 |  4- 6 |  7- 9 | 10-12 || total
-------------------------+-------+-------+-------+-------++-------
Melee: Unarmed           |    22 |    25 |    73 |    13 ||   133
       Constrict         |     6 |     9 |     4 |     1 ||    20
       Tentacles         |     4 |     9 |    13 |       ||    26
       Kick              |     7 |    13 |    11 |       ||    31
       Punch             |       |     2 |     1 |       ||     3
 Cast: Beastly Appendage |     6 |     7 |     4 |       ||    17
       Ice Form          |       |       |     1 |     1 ||     2
       Spider Form       |       |       |     1 |       ||     1
  Use: Potion            |       |       |     6 |     2 ||     8
 Stab: Sleeping          |     4 |     1 |     3 |       ||     8
       Invisible         |       |       |     3 |       ||     3
Armor: Skin              |     3 |       |     3 |       ||     6
Dodge: Dodged            |    17 |    15 |   115 |    29 ||   176

Table legend: (Time is in decaauts)
 A = Elapsed time spent in this place.
 B = Non-inter-level travel time spent in this place.
 C = Inter-level travel time spent in this place.
 D = Time resting spent in this place.
 E = Time spent auto-exploring this place.
 F = Levels seen in this place.
 G = Mean time per level.
                   A        B        C        D        E       F      G
               +--------+--------+--------+--------+--------+-----+--------+
         Total |   2397 |   2283 |    114 |   1692 |      0 |   1 | 2397.0 |
       Dungeon |   2397 |   2283 |    114 |   1692 |      0 |   1 | 2397.0 |
               +--------+--------+--------+--------+--------+-----+--------+

Top non-repeatable levels by time:
       D: 2397 daAuts
